 Dungeon Sprint DCSS version 0.21-a0-460-g737a915 (webtiles) character file.

2823 Kidiri the Grappler (level 9, -6/97 HPs)
             Began as a Troll Monk on Nov 20, 2017.
             Was an Elder of Wu Jian.
             Mangled by a merfolk
             ... wielding the +9 glaive of the Onslaught {protect, *Drain rPois Dex-5 Stlth+}
              (11 damage)
             ... in the Dungeon (Sprint V: "Ziggurat Sprint").
             The game lasted 00:04:26 (473 turns).

Kidiri the Grappler (Troll Monk)                     Turns: 473, Time: 00:04:27

Health: -6/97      AC:  5    Str: 24    XL:     9   Next: 45%
Magic:  11/11      EV:  9    Int:  6    God:    Wu Jian [****..]
Gold:   0          SH:  0    Dex: 24    Spells: 10/10 levels left

rFire    . . .     SeeInvis .     - Unarmed
rCold    . . .     Gourm    +   (no shield)
rNeg     . . .     Faith    .   a - +0 robe
rPois    .         Spirit   .   (helmet restricted)
rElec    .         Reflect  .   (no cloak)
rCorr    .         Harm     .   (gloves unavailable)
MR       .....     NoTele   +   (boots unavailable)
Stlth    ++........             (no amulet)
HPRegen  0.66/turn              w - +6 ring of dexterity
MPRegen  0.12/turn              x - +6 ring of dexterity

@: exhausted, very slightly contaminated, held, glowing, studying Long Blades,
heavenly storm
A: unfitting armour, claws 3, horns 1, fast metabolism 3, gourmand, regeneration
1, shaggy fur 1, tough skin 2
a: Serpent's Lash, Renounce Religion


You were in the Dungeon.
You worshipped Wu Jian.
Wu Jian was greatly pleased with you.
You were not hungry.

You visited 1 branch

Inventory:

Armour
 a - a +0 robe (worn)
 G - +5 gold dragon scales
Jewellery
 l - a ring of the Octopus King {Wiz AC+1 EV+1 Str+1 Int+1 Dex+1}
   (You found it in the Dungeon)

   [ring of wizardry]

   It improves your spell success rate.
   It affects your AC (+1).
   It affects your evasion (+1).
   It affects your strength (+1).
   It affects your intelligence (+1).
   It affects your dexterity (+1).
 w - a +6 ring of dexterity (left claw)
 x - a +6 ring of dexterity (right claw)
 y - a +6 ring of intelligence
 z - a +6 ring of intelligence
 A - a +6 ring of strength
 B - a +6 ring of strength
Wands
 C - a wand of disintegration (7)
 D - a wand of iceblast (5)
 E - a wand of lightning (5)
 F - a wand of acid (5)
Scrolls
 h - 3 scrolls of blinking
 o - 4 scrolls of amnesia
 p - 7 scrolls of fog
 q - a scroll of holy word
 r - 5 scrolls of identify
 s - 5 scrolls of remove curse
 t - 2 scrolls of fear
Potions
 c - 10 potions of curing
 d - 2 potions of heal wounds
 e - 6 potions of haste
 f - 7 potions of magic
 g - 2 potions of berserk rage
 i - 2 potions of brilliance
 j - a potion of invisibility
 k - 4 potions of resistance
 m - 5 potions of agility
 n - 5 potions of might
Books
 H - a manual of Long Blades
Comestibles
 b - 6 bread rations
 u - 42 fruits
 v - 4 meat rations


   Skills:
 * Level 8.6 Fighting
 - Level 2.1 Throwing
 + Level 5.8 Armour
 * Level 8.6 Dodging
 * Level 6.3 Stealth
 * Level 10.2 Unarmed Combat
 - Level 1.3 Spellcasting
 + Level 5.3 Evocations


You had 10 spell levels left.
You didn't know any spells.

Dungeon Overview and Level Annotations

Branches:
Dungeon (1/1)

Altars:
Ashenzari
Cheibriados
Dithmenos
Elyvilon
Fedhas
Gozag
Hepliaklqana
Kikubaaqudgha
Makhleb
Nemelex Xobeh
Okawaru
Qazlal
Ru
Sif Muna
Trog
Uskayaw
Vehumet
Wu Jian
Xom
Yredelemnul
Zin
The Shining One
Beogh
Jiyva
Lugonu

Annotations:
D 1 transporter


Innate Abilities, Weirdness & Mutations

You are too large for most types of armour.
You have claws for hands.
Your metabolism is lightning-fast.
You like to eat raw meat.
Your natural rate of healing is unusually fast.
You are covered in fur. (AC +1)
You have very tough skin. (AC +2)
You have a pair of small horns on your head.


Message History

You are very lightly contaminated with residual magic.
As you read the scroll of blinking, it crumbles to dust.
You feel much better.
The merfolk throws a throwing net.
The throwing net hits you.
You become entangled in the net!
Unknown command.
You struggle against the net.
The merfolk throws a tomahawk.
The tomahawk hits you.
* * * LOW HITPOINT WARNING * * *
The merfolk closely misses you.
Unknown command.
You struggle against the net.
The merfolk hits you with a +2 falchion of slicing!!
* * * LOW HITPOINT WARNING * * *
x2 The merfolk barely misses you.
Unknown command.
You feel much better.
The merfolk hits you from afar with a trident!!
* * * LOW HITPOINT WARNING * * *
The merfolk hits you from afar with the +9 glaive of the Onslaught {protect, *Drain rPois Dex-5 Stlth+}!
You die...

▓.....▓.....▓..©..▓
▓..©..▓..©..▓▓▓▓▓▓▓
▓▓▓▓▓▓▓▓▓▓▓▓▓▓▓▓▓▓▓
▓..8©8...▓..8©8...▓
▓...[:...▓§§§§§...▓
▓...:....▓§§§§§...▓
▓........▓§mm§m...▓
▓........▓m§§§§...▓
▓.▓....▓.▓@▓§§§.▓.▓
▓...©....▓§§§©....▓
▓▓▓▓▓▓▓▓▓▓▓▓▓▓▓▓▓▓▓


You could see 3 merfolk.

Vanquished Creatures
  3 ugly things (D)
  A smoke demon (D)
  5 merfolk (D)
  A water moccasin (D)
  A porcupine (shapeshifter) (D)
  An adder (D)
  A shadow imp (D)
  An ufetubus (D)
14 creatures vanquished.

Notes
Turn   | Place    | Note
-------+----------+-------------------------------------------
     0 | D        | Found the +6 Majin-Bo {vamp, Archmagi MP+6 Int+6}
     0 | D        | Found the +7 great mace "Firestarter" {inner flame, rF++}
     0 | D        | Kidiri the Troll Monk began the quest for the Orb.
     0 | D        | Reached XP level 1. HP: 22/22 MP: 0/0
     0 | D        | Found a deep blue altar of Sif Muna.
     0 | D        | Found a sacrificial altar of Ru.
     0 | D        | Found a bloodstained altar of Trog.
     0 | D        | Found a stormy altar of Qazlal.
     0 | D        | Found an iron altar of Okawaru.
     0 | D        | Found a sparkling altar of Nemelex Xobeh.
     0 | D        | Found a blossoming altar of Fedhas.
     2 | D        | Found a transporter.
     2 | D        | Found an ancient bone altar of Kikubaaqudgha.
     2 | D        | Found a viscous altar of Jiyva.
     2 | D        | Found a corrupted altar of Lugonu.
     2 | D        | Found a hazy altar of Hepliaklqana.
     2 | D        | Found a burning altar of Makhleb.
     2 | D        | Found an opulent altar of Gozag.
    19 | D        | Found the +9 heavy crossbow "Sniper" {velocity, Acc+∞ SInv}
    19 | D        | Found the +10 dark maul {crush}
    19 | D        | Found the +15 Maxwell's patent armour {-Cast -Tele rElec MR+ rCorr}
    19 | D        | Found the +18 shield of the Gong {rElec rN+ MR+ EV-5}
    19 | D        | Found the cursed +14 obsidian axe {chop, +Fly SInv *Curse}
    20 | D        | Found the +6 shillelagh "Devastator" {shatter}
    20 | D        | Found the +11 plutonium sword {*Contam Stlth-}
    20 | D        | Found the +8 lance "Wyrmbane" {slay drac, rPois rF+ rC+ AC+3}
    20 | D        | Found the +9 sword of Zonguldrok {reap}
    20 | D        | Found the cursed +13 scythe of Curses {drain, *Curse}
    20 | D        | Found the +0 sword of Power
    20 | D        | Found the +7 mace of Variability {chaos}
    20 | D        | Found the +7 Singing Sword
    20 | D        | Found the +7 longbow "Piercer" {penet, EV-2}
    50 | D        | Became a worshipper of the Wu Jian Council
    50 | D        | Reached * piety under Wu Jian
    50 | D        | Reached ** piety under Wu Jian
    64 | D        | Reached skill level 1 in Armour
    64 | D        | Reached skill level 1 in Spellcasting
    64 | D        | Reached skill level 1 in Evocations
    64 | D        | Reached XP level 2. HP: 31/31 MP: 0/3
    66 | D        | Entered arena 2.
    66 | D        | Noticed a water moccasin
    66 | D        | Found a transporter.
    72 | D        | Killed a water moccasin
    72 | D        | Reached skill level 5 in Unarmed Combat
    72 | D        | Reached XP level 3. HP: 29/39 MP: 0/4
    72 | D        | Reached XP level 4. HP: 36/48 MP: 0/5
   142 | D        | Entered arena 3.
   142 | D        | Noticed a smoke demon
   142 | D        | Found a transporter.
   155 | D        | HP: 2/49 [smoke demon/divine providence (17)]
   157 | D        | Reached *** piety under Wu Jian
   157 | D        | Reached XP level 5. HP: 25/55 MP: 6/6
   157 | D        | Killed a smoke demon
   157 | D        | Reached skill level 5 in Fighting
   157 | D        | Reached skill level 5 in Dodging
   157 | D        | Reached skill level 7 in Unarmed Combat
   157 | D        | Reached XP level 6. HP: 31/67 MP: 7/7
   216 | D        | Entered arena 4.
   216 | D        | Noticed a merfolk
   216 | D        | Noticed a merfolk
   216 | D        | Noticed a merfolk
   216 | D        | Noticed a merfolk
   216 | D        | Found a transporter.
   226 | D        | Killed a merfolk
   226 | D        | Reached XP level 7. HP: 29/76 MP: 8/8
   228 | D        | Killed a merfolk
   228 | D        | Reached skill level 8 in Unarmed Combat
   229 | D        | Killed a merfolk
   229 | D        | Reached **** piety under Wu Jian
   229 | D        | Reached skill level 5 in Stealth
   229 | D        | Reached XP level 8. HP: 18/87 MP: 8/10
   231 | D        | Killed a merfolk
   337 | D        | Entered arena 5.
   337 | D        | Noticed a purple ugly thing
   337 | D        | Noticed a cyan ugly thing
   337 | D        | Noticed a purple ugly thing
   337 | D        | Found a transporter.
   338 | D        | Found the ring of the Octopus King {Wiz AC+1 EV+1 Str+1 Int+1 Dex+1}
   341 | D        | Killed a purple ugly thing
   341 | D        | Reached skill level 5 in Armour
   341 | D        | Reached skill level 9 in Unarmed Combat
   348 | D        | Killed a purple ugly thing
   348 | D        | Reached skill level 5 in Evocations
   348 | D        | Reached XP level 9. HP: 60/96 MP: 11/11
   354 | D        | Killed a cyan ugly thing
   354 | D        | Reached skill level 10 in Unarmed Combat
   355 | D        | Got a ring of the Octopus King {Wiz AC+1 EV+1 Str+1 Int+1 Dex+1}
   360 | D        | Gained mutation: You are dopey. (Int -2) [mutagenic meat]
   361 | D        | Lost mutation: You are dopey. (Int -2) [mutagenic meat]
   362 | D        | Gained mutation: You have a pair of small horns on your head. [mutagenic meat]
   462 | D        | Entered arena 6.
   462 | D        | Noticed a merfolk
   462 | D        | Noticed a merfolk
   462 | D        | Noticed a merfolk
   462 | D        | Noticed a merfolk
   462 | D        | Noticed a merfolk
   462 | D        | Found a transporter.
   464 | D        | Killed a merfolk
   464 | D        | Reached ***** piety under Wu Jian
   472 | D        | HP: 2/97 [merfolk/+2 falchion of slicing (6)]
   473 | D        | Identified the +9 glaive of the Onslaught {protect, *Drain rPois Dex-5 Stlth+}
   473 | D        | Mangled by a merfolk

Vault maps used:
D:        sprint_v

Skill      XL: |  1  2  3  4  5  6  7  8  9 |
---------------+----------------------------+-----
Fighting       | 3 4 5 6 7 8 |  8.6
Throwing       | 2 |  2.1
Armour         | 1 2 3 4 5 |  5.8
Dodging        | 3 4 5 6 7 8 |  8.6
Spellcasting   | 1 |  1.3
Evocations     | 1 2 3 4 5 |  5.3
Stealth        | 2 4 5 6 |  6.3
Unarmed Combat | 5 7 8 9 10 | 10.2

Action                   |  1- 3 |  4- 6 |  7- 9 || total
-------------------------+-------+-------+-------++-------
Melee: Unarmed           |     9 |    34 |    40 ||    83
       Punch             |       |     2 |     6 ||     8
       Headbutt          |       |       |     1 ||     1
Invok: Serpent's Lash    |       |     1 |     2 ||     3
       Heavenly Storm    |       |       |     1 ||     1
  Use: Potion            |     1 |     4 |     6 ||    11
       Scroll            |       |       |     1 ||     1
 Stab: Sleeping          |     2 |       |     1 ||     3
       Invisible         |       |       |     3 ||     3
  Eat: Chunk             |       |       |     6 ||     6
Armor: Robe              |     3 |    13 |       ||    16
Dodge: Dodged            |     4 |    44 |    23 ||    71

Table legend:
 A = Spawn XP
 B = Non-spawn XP
 C = Spawn XP percentage of total XP
 D = Spawn monster count
 E = Non-spawn monster count
 F = Spawn count percentage of total count
 G = Total turns spent on level
                    A         B        C        D         E        F      G
               +---------+---------+-------+---------+---------+-------+---------
         Total |       0 |    4021 |   0.0 |       0 |      14 |   0.0 |   473
               +---------+---------+-------+---------+---------+-------+---------
             D |       0 |    4021 |   0.0 |       0 |      14 |   0.0 |   473
               +---------+---------+-------+---------+---------+-------+---------
